Blues vs Penguins

Created - 11 janvier 2019 at 18:30

Goals
1 2 3 T
Blues 1 1 0 2
Penguins 0 0 0 0
Shots
1 2 3 T
Blues 11 12 12 35
Penguins 8 13 11 32

1st period

1. Blues , Bryan Rust 7 (Mikkel Boedker 11) at 10:29

Penalties :
David Perron (PIT) for Tripping (Minor) at 14:11

2nd period

2. Blues , Michael Raffl 3 (Marian Gaborik 8, Jean-Gabriel Pageau 11) at 18:42

Penalties :
Carl Gunnarsson (STL) for Hooking (Minor) at 1:48, Mikael Backlund (STL) for Roughing (Minor) at 9:32, Joseph Morrow (STL) for Holding (Minor) at 11:51

3rd period

No Goal

Penalties :
Adrian Kempe (PIT) for Roughing (Minor) at 7:59, Chris Wagner (STL) for Holding (Minor) at 11:26, Mark Giordano (PIT) for Slashing (Minor) at 14:39

Goalie Stats

Ryan Miller (STL), 32 saves from 32 shots - (1.000), W, 9-20-4, 60:00 minutes
Connor Hellebuyck (PIT), 33 saves from 35 shots - (0.943), L, 21-8-1, 60:00 minutes

Players Stats for Blues

Player Name              G  A  P  +/- PIM S  H  SB GA TA FO     MP     PP MP  PK MP  
------------------------------------------------------------------------------------
Andreas Martinsen        0  0  0   0  0   1  1  1  0  0  0/1     9:45   0:46   1:17 
Bryan Rust               1  0  1   1  0   7  0  0  0  0  2/5    17:41   2:33   0:12 
Carl Gunnarsson          0  0  0   0  2   0  0  1  0  0  0/0    20:25   3:01   2:32 
Casey Nelson             0  0  0   2  0   1  0  1  0  0  0/0    14:32   0:42   0:34 
Chris Wagner             0  0  0   0  2   5  2  0  0  0  0/1    16:04   2:42   0:00 
Jean-Gabriel Pageau      0  1  1   1  0   3  2  0  0  0  6/8    11:21   0:00   1:15 
Johnny Boychuk           0  0  0   0  0   0  0  0  0  0  0/0    24:31   2:14   4:19 
Joseph Morrow            0  0  0   2  2   0  2  0  0  0  0/0    15:02   0:42   1:05 
Kevan Miller             0  0  0   0  0   4  0  2  0  0  0/0    24:31   2:14   4:19 
Kris Versteeg            0  0  0   0  0   2  0  0  0  0  0/0    16:05   2:42   0:00 
Lars Eller               0  0  0   0  0   2  0  0  0  0  14/18  20:37   2:42   4:32 
Marian Gaborik           0  1  1   1  0   0  0  0  0  0  1/2    10:49   0:43   0:00 
Matt Grzelcyk            0  0  0   0  0   0  0  0  0  0  0/0    20:57   3:01   3:03 
Melker Karlsson          0  0  0   0  0   1  1  1  0  0  2/5    11:18   0:00   3:03 
Michael Raffl            1  0  1   1  0   2  2  0  0  0  2/5    13:46   2:33   0:00 
Mikael Backlund          0  0  0   1  2   2  0  0  0  0  13/24  16:30   0:41   2:34 
Mike Fisher              0  0  0   0  0   2  0  0  0  0  6/10   10:41   0:00   2:59 
Mikkel Boedker           0  1  1   1  0   3  1  0  0  0  0/1    17:25   2:29   0:00 

Players Stats for Penguins

Player Name              G  A  P  +/- PIM S  H  SB GA TA FO     MP     PP MP  PK MP  
------------------------------------------------------------------------------------
Adrian Kempe             0  0  0  -1  2   0  1  0  0  0  3/10   11:03   0:00   0:58 
Clayton Keller           0  0  0  -1  0   2  3  1  0  0  0/1    19:44   3:13   0:36 
Cody Ceci                0  0  0  -1  0   1  1  0  0  0  0/0    16:47   3:12   0:58 
Darren Archibald         0  0  0   0  0   0  1  0  0  0  0/0     6:52   0:00   1:58 
David Perron             0  0  0  -1  2   2  0  1  0  0  0/0    11:07   0:00   1:02 
David Savard             0  0  0  -1  0   0  0  4  0  0  0/0    19:28   0:00   2:31 
Evgeni Malkin            0  0  0  -1  0   2  5  0  0  0  9/21   19:08   3:13   0:00 
Jonathan Huberdeau       0  0  0   0  0   4  2  0  0  0  0/2    19:55   4:43   0:00 
Kevin Labanc             0  0  0   0  0   1  0  0  0  0  0/0     4:54   0:00   0:00 
Mark Giordano            0  0  0   0  2   1  1  0  0  0  0/0    23:25   4:44   2:09 
Max Domi                 0  0  0  -1  0   1  1  0  0  0  0/1    10:06   0:00   0:00 
Nathan MacKinnon         0  0  0   0  0   6  4  1  0  0  17/33  19:55   4:43   0:00 
Nikita Kucherov          0  0  0   0  0   3  0  0  0  0  1/1    23:32   4:43   3:37 
Olli Maatta              0  0  0  -1  0   0  5  0  0  0  0/0    12:37   0:00   0:00 
Phil Kessel              0  0  0  -1  0   6  1  0  0  0  0/1    19:08   3:13   0:00 
Ryan Ellis               0  0  0  -1  0   1  0  0  0  0  0/0    22:59   3:12   2:50 
Ryan Suter               0  0  0   0  0   2  2  3  0  0  0/0    24:43   4:44   3:26 
Tim Schaller             0  0  0   0  0   0  1  0  0  0  4/10    8:37   0:00   3:43 

3 Stars

1 - Ryan Miller (STL)
2 - Michael Raffl (STL)
3 - Connor Hellebuyck (PIT)

Power Play

Blues - 0 on 3 Attempt(s) - 0.00%
Penguins - 0 on 4 Attempt(s) - 0.00%

Penalty Kill

Blues - 4 on 4 Attempt(s) - 100.00% - Score 0 goal in Penalty Kill
Penguins - 3 on 3 Attempt(s) - 100.00% - Score 0 goal in Penalty Kill

Team Stat

Blues - Hits : 11 - Faceoff Wins : 46 - Blocked Shots : 6 - Penalty Minutes : 8
Penguins - Hits : 28 - Faceoff Wins : 34 - Blocked Shots : 10 - Penalty Minutes : 6

Official

Referees : Frederick L'Ecuyer and Gord Dwyer
Linesman : Jay Sharrers and Devin Berg

Game Notes

Mikael Backlund is injured at 7:57 of 3rd period (Right Foot)

Finance

Level 1 -- Attendance: 4751 (73.09%) -- Ticket Income 555 867 $
Level 2 -- Attendance: 4432 (88.64%) -- Ticket Income 354 560 $
Level 3 -- Attendance: 3365 (96.14%) -- Ticket Income 208 630 $
Level 4 -- Attendance: 2387 (100.00%) -- Ticket Income 100 254 $
Luxury Box -- Attendance: 1000 (100.00%) -- Ticket Income 225 000 $
Game was played at the Consol Energy Center.
Total Attendance: 15935 (86.66%)
Total Ticket Income: 1 444 311 $
Other Income: 707 712 $
Total Income: 2 152 023 $

% Time on Ice - Blues

Lines # - Real PCT - Wanted PCT - Time Play
Normal Forward
1 - 32% - 40% - 14:56
2 - 29% - 30% - 13:23
3 - 22% - 20% - 10:06
4 - 17% - 10% - 7:42
Normal Defense
1 - 36% - 40% - 16:41
2 - 32% - 30% - 14:53
3 - 29% - 20% - 13:16
4 - 3% - 10% - 1:17
PP Forward
1 - 43% - 60% - 2:33
2 - 57% - 40% - 3:24
PP Defense
1 - 38% - 60% - 2:14
2 - 62% - 40% - 3:43
PK Forward
1 - 84% - 60% - 6:41
2 - 16% - 40% - 1:15
PK Defense
1 - 54% - 60% - 4:19
2 - 46% - 40% - 3:37
PK3 Forward
1 - 0% - 60%
2 - 0% - 40%
PK3 Defense
1 - 0% - 60%
2 - 0% - 40%
44 Forward
1 - 0% - 60%
2 - 0% - 40%
44 Defense
1 - 0% - 60%
2 - 0% - 40%
Last Minute Offensive  - 0:00
Last Minute Defensive  - 0:00
Total
Forward - 60:00
Defense - 60:00

% Time on Ice - Penguins

Lines # - Real PCT - Wanted PCT - Time Play
Normal Forward
1 - 33% - 37% - 15:12
2 - 35% - 35% - 15:55
3 - 22% - 20% - 10:06
4 - 11% - 8% - 4:54
Normal Defense
1 - 36% - 40% - 16:33
2 - 37% - 35% - 16:57
3 - 27% - 25% - 12:22
4 - 1% - 0% - 0:15
PP Forward
1 - 59% - 60% - 4:43
2 - 41% - 40% - 3:13
PP Defense
1 - 60% - 60% - 4:44
2 - 40% - 40% - 3:12
PK Forward
1 - 70% - 60% - 4:11
2 - 30% - 40% - 1:46
PK Defense
1 - 42% - 60% - 2:31
2 - 58% - 40% - 3:26
PK3 Forward
1 - 0% - 60%
2 - 0% - 40%
PK3 Defense
1 - 0% - 60%
2 - 0% - 40%
44 Forward
1 - 0% - 60%
2 - 0% - 40%
44 Defense
1 - 0% - 60%
2 - 0% - 40%
Last Minute Offensive  - 0:00
Last Minute Defensive  - 0:00
Total
Forward - 60:00
Defense - 60:00

Play-by-Play

1st period


0:01 of 1st period - Nathan MacKinnon wins face-off versus Mikael Backlund in neutral zone.
0:17 of 1st period - Shot by Bryan Rust.
0:17 of 1st period - Stopped by Connor Hellebuyck with a rebound.
0:19 of 1st period - Shot by Mikael Backlund.
0:19 of 1st period - Stopped by Connor Hellebuyck without a rebound.
0:20 of 1st period - Evgeni Malkin wins face-off versus Chris Wagner in Penguins zone.
1:16 of 1st period - Shot by Max Domi.
1:16 of 1st period - Stopped by Ryan Miller without a rebound.
1:17 of 1st period - Nathan MacKinnon wins face-off versus Jean-Gabriel Pageau in Blues zone.
2:34 of 1st period - Shot by Bryan Rust.
2:34 of 1st period - Stopped by Connor Hellebuyck with a rebound.
2:36 of 1st period - Shot by Johnny Boychuk.
2:36 of 1st period - Shot Misses the Net.
2:42 of 1st period - Shot by Mikael Backlund.
2:42 of 1st period - Shot Misses the Net.
2:44 of 1st period - Shot by Johnny Boychuk.
2:44 of 1st period - Shot Misses the Net.
2:46 of 1st period - Shot by Mikael Backlund.
2:46 of 1st period - Stopped by Connor Hellebuyck without a rebound.
2:47 of 1st period - Mike Fisher wins face-off versus Adrian Kempe in Penguins zone.
2:47 of 1st period - Matt Grzelcyk is hit by Cody Ceci and loses puck.
3:02 of 1st period - Mike Fisher is hit by Adrian Kempe and loses puck.
3:14 of 1st period - Andreas Martinsen is hit by Olli Maatta and loses puck.
3:21 of 1st period - Shot by Adrian Kempe.
3:21 of 1st period - Shot Misses the Net.
3:36 of 1st period - Mike Fisher is hit by Evgeni Malkin and loses puck.
4:04 of 1st period - Shot by Kris Versteeg.
4:04 of 1st period - Deflect By Lars Eller.
4:04 of 1st period - Stopped by Connor Hellebuyck without a rebound.
4:05 of 1st period - Mikael Backlund wins face-off versus Tim Schaller in Penguins zone.
4:07 of 1st period - Bryan Rust is hit by Olli Maatta and loses puck.
4:16 of 1st period - Shot by Mikael Backlund.
4:16 of 1st period - Shot Misses the Net.
5:16 of 1st period - Shot by Joseph Morrow.
5:16 of 1st period - Shot Misses the Net.
5:18 of 1st period - Shot by Lars Eller.
5:18 of 1st period - Shot Blocked by Clayton Keller.
5:20 of 1st period - Shot by Casey Nelson.
5:20 of 1st period - Stopped by Connor Hellebuyck without a rebound.
5:21 of 1st period - Marian Gaborik wins face-off versus Adrian Kempe in Penguins zone.
6:05 of 1st period - Off-side.
6:06 of 1st period - Mikael Backlund wins face-off versus Nathan MacKinnon in neutral zone.
6:11 of 1st period - Shot by Bryan Rust.
6:11 of 1st period - Stopped by Connor Hellebuyck with a rebound.
6:13 of 1st period - Shot by Kevan Miller.
6:13 of 1st period - Stopped by Connor Hellebuyck without a rebound.
6:14 of 1st period - Nathan MacKinnon wins face-off versus Bryan Rust in Penguins zone.
6:23 of 1st period - Shot by Bryan Rust.
6:23 of 1st period - Stopped by Connor Hellebuyck without a rebound.
6:24 of 1st period - Evgeni Malkin wins face-off versus Lars Eller in Penguins zone.
6:38 of 1st period - Icing by Johnny Boychuk.
6:39 of 1st period - Lars Eller wins face-off versus Jonathan Huberdeau in Blues zone.
6:50 of 1st period - Shot by Nathan MacKinnon.
6:50 of 1st period - Stopped by Ryan Miller without a rebound.
6:51 of 1st period - Evgeni Malkin wins face-off versus Bryan Rust in Blues zone.
7:01 of 1st period - Clayton Keller is hit by Joseph Morrow and loses puck.
7:13 of 1st period - Shot by Evgeni Malkin.
7:13 of 1st period - Deflect By Phil Kessel.
7:13 of 1st period - Stopped by Ryan Miller with a rebound.
7:23 of 1st period - Shot by Phil Kessel.
7:23 of 1st period - Shot Misses the Net.
10:29 of 1st period - Shot by Bryan Rust.
10:29 of 1st period - Goal by Bryan Rust - Blues : 1 - Penguins : 0.
10:30 of 1st period - Mikael Backlund wins face-off versus Nathan MacKinnon in neutral zone.
10:39 of 1st period - Shot by Bryan Rust.
10:39 of 1st period - Stopped by Connor Hellebuyck without a rebound.
10:40 of 1st period - Lars Eller wins face-off versus Evgeni Malkin in Penguins zone.
11:01 of 1st period - Shot by Phil Kessel.
11:01 of 1st period - Shot Misses the Net.
11:03 of 1st period - Shot by Cody Ceci.
11:03 of 1st period - Stopped by Ryan Miller without a rebound.
11:04 of 1st period - Mikael Backlund wins face-off versus Jonathan Huberdeau in Blues zone.
11:36 of 1st period - Off-side.
11:37 of 1st period - Evgeni Malkin wins face-off versus Michael Raffl in neutral zone.
11:44 of 1st period - Shot by Evgeni Malkin.
11:44 of 1st period - Stopped by Ryan Miller without a rebound.
11:45 of 1st period - Evgeni Malkin wins face-off versus Lars Eller in Blues zone.
11:58 of 1st period - Shot by Evgeni Malkin.
11:58 of 1st period - Shot Misses the Net.
12:00 of 1st period - Shot by Evgeni Malkin.
12:00 of 1st period - Shot Misses the Net.
12:05 of 1st period - Icing by Carl Gunnarsson.
12:06 of 1st period - Lars Eller wins face-off versus Nathan MacKinnon in Blues zone.
12:06 of 1st period - Lars Eller is hit by Nathan MacKinnon.
12:11 of 1st period - Matt Grzelcyk is hit by Ryan Suter and loses puck.
12:14 of 1st period - Shot by Chris Wagner.
12:14 of 1st period - Shot Misses the Net.
12:22 of 1st period - Shot by Chris Wagner.
12:22 of 1st period - Shot Misses the Net.
12:26 of 1st period - Shot by Kris Versteeg.
12:26 of 1st period - Shot Misses the Net.
12:28 of 1st period - Shot by Matt Grzelcyk.
12:28 of 1st period - Shot Blocked by Ryan Suter.
12:40 of 1st period - Shot by Jonathan Huberdeau.
12:40 of 1st period - Shot Misses the Net.
13:40 of 1st period - Shot by Mikael Backlund.
13:40 of 1st period - Shot Blocked by David Savard.
14:02 of 1st period - Shot by Mikael Backlund.
14:02 of 1st period - Shot Misses the Net.
14:11 of 1st period - Minor Penalty to David Perron for Tripping.
14:12 of 1st period - Mikael Backlund wins face-off versus Tim Schaller in Penguins zone.
16:39 of 1st period - Icing by Mike Fisher.
16:40 of 1st period - Adrian Kempe wins face-off versus Mike Fisher in Blues zone.
16:40 of 1st period - Adrian Kempe is hit by Joseph Morrow.
17:28 of 1st period - Shot by Phil Kessel.
17:28 of 1st period - Shot Misses the Net.
18:26 of 1st period - Shot by Nathan MacKinnon.
18:26 of 1st period - Shot Hit the Post.
18:28 of 1st period - Shot by Jonathan Huberdeau.
18:28 of 1st period - Stopped by Ryan Miller without a rebound.
18:29 of 1st period - Tim Schaller wins face-off versus Bryan Rust in Blues zone.
18:34 of 1st period - Shot by Kevin Labanc.
18:34 of 1st period - Stopped by Ryan Miller without a rebound.
18:35 of 1st period - Nathan MacKinnon wins face-off versus Mikael Backlund in Blues zone.
18:42 of 1st period - Shot by Nathan MacKinnon.
18:42 of 1st period - Shot Misses the Net.
18:50 of 1st period - Shot by Nathan MacKinnon.
18:50 of 1st period - Shot Blocked by Carl Gunnarsson.
18:57 of 1st period - Mikkel Boedker is hit by Nathan MacKinnon and loses puck.
19:05 of 1st period - Shot by Jonathan Huberdeau.
19:05 of 1st period - Stopped by Ryan Miller without a rebound.
19:06 of 1st period - Lars Eller wins face-off versus Adrian Kempe in Blues zone.
19:46 of 1st period - Icing by David Savard.
19:47 of 1st period - Mikael Backlund wins face-off versus Adrian Kempe in Penguins zone.
Goals for this period are 1 for Blues vs 0 for Penguins.
Shots for this period are 11 for Blues vs 8 for Penguins.

2nd period


0:01 of 2nd period - Nikita Kucherov wins face-off versus Mikkel Boedker in neutral zone.
0:16 of 2nd period - Icing by Mikael Backlund.
0:17 of 2nd period - Bryan Rust wins face-off versus Evgeni Malkin in Blues zone.
0:17 of 2nd period - Bryan Rust is hit by Clayton Keller.
0:48 of 2nd period - Shot by Bryan Rust.
0:48 of 2nd period - Shot Misses the Net.
1:14 of 2nd period - Shot by Jean-Gabriel Pageau.
1:14 of 2nd period - Shot Blocked by Ryan Suter.
1:20 of 2nd period - Michael Raffl is hit by Jonathan Huberdeau and loses puck.
1:43 of 2nd period - Shot by Nathan MacKinnon.
1:43 of 2nd period - Stopped by Ryan Miller with a rebound.
1:48 of 2nd period - Minor Penalty to Carl Gunnarsson for Hooking.
1:49 of 2nd period - Mikael Backlund wins face-off versus Evgeni Malkin in Blues zone.
2:12 of 2nd period - Shot by Evgeni Malkin.
2:12 of 2nd period - Stopped by Ryan Miller without a rebound.
2:13 of 2nd period - Nathan MacKinnon wins face-off versus Mikael Backlund in Blues zone.
2:17 of 2nd period - Shot by Ryan Suter.
2:17 of 2nd period - Stopped by Ryan Miller without a rebound.
2:18 of 2nd period - Nathan MacKinnon wins face-off versus Mikael Backlund in Blues zone.
2:21 of 2nd period - Shot by Nikita Kucherov.
2:21 of 2nd period - Shot Misses the Net.
2:43 of 2nd period - Shot by Nikita Kucherov.
2:43 of 2nd period - Shot Misses the Net.
2:55 of 2nd period - Mike Fisher is hit by Jonathan Huberdeau and loses puck.
4:21 of 2nd period - Max Domi is hit by Jean-Gabriel Pageau and loses puck.
5:14 of 2nd period - Johnny Boychuk is hit by Darren Archibald and loses puck.
5:50 of 2nd period - Shot by Phil Kessel.
5:50 of 2nd period - Shot Misses the Net.
5:55 of 2nd period - Icing by Casey Nelson.
5:56 of 2nd period - Nathan MacKinnon wins face-off versus Mike Fisher in Blues zone.
6:11 of 2nd period - Shot by Jonathan Huberdeau.
6:11 of 2nd period - Shot Blocked by Andreas Martinsen.
6:20 of 2nd period - Off-side.
6:21 of 2nd period - Evgeni Malkin wins face-off versus Mikael Backlund in neutral zone.
6:32 of 2nd period - Shot by Evgeni Malkin.
6:32 of 2nd period - Shot Misses the Net.
6:41 of 2nd period - Shot by Mikael Backlund.
6:41 of 2nd period - Shot Blocked by David Savard.
7:30 of 2nd period - Shot by Jean-Gabriel Pageau.
7:30 of 2nd period - Shot Blocked by Nathan MacKinnon.
7:32 of 2nd period - Shot by Joseph Morrow.
7:32 of 2nd period - Shot Misses the Net.
7:34 of 2nd period - Shot by Michael Raffl.
7:34 of 2nd period - Stopped by Connor Hellebuyck without a rebound.
7:35 of 2nd period - Mike Fisher wins face-off versus Adrian Kempe in Penguins zone.
7:36 of 2nd period - Shot by Melker Karlsson.
7:36 of 2nd period - Shot Misses the Net.
7:38 of 2nd period - Shot by Melker Karlsson.
7:38 of 2nd period - Deflect By Mike Fisher.
7:38 of 2nd period - Shot Misses the Net.
7:40 of 2nd period - Shot by Kevan Miller.
7:40 of 2nd period - Stopped by Connor Hellebuyck without a rebound.
7:41 of 2nd period - Mike Fisher wins face-off versus Adrian Kempe in Penguins zone.
7:42 of 2nd period - Shot by Melker Karlsson.
7:42 of 2nd period - Shot Blocked by David Perron.
7:44 of 2nd period - Shot by Mike Fisher.
7:44 of 2nd period - Stopped by Connor Hellebuyck without a rebound.
7:45 of 2nd period - Jean-Gabriel Pageau wins face-off versus Nathan MacKinnon in Penguins zone.
7:50 of 2nd period - Shot by Marian Gaborik.
7:50 of 2nd period - Shot Misses the Net.
8:05 of 2nd period - Ryan Suter is hit by Michael Raffl and loses puck.
8:56 of 2nd period - Shot by Phil Kessel.
8:56 of 2nd period - Deflect By Clayton Keller.
8:56 of 2nd period - Stopped by Ryan Miller with a rebound.
9:04 of 2nd period - Icing by Evgeni Malkin.
9:05 of 2nd period - Lars Eller wins face-off versus Evgeni Malkin in Penguins zone.
9:16 of 2nd period - Shot by Lars Eller.
9:16 of 2nd period - Deflect By Kris Versteeg.
9:16 of 2nd period - Stopped by Connor Hellebuyck with a rebound.
9:18 of 2nd period - Shot by Kris Versteeg.
9:18 of 2nd period - Stopped by Connor Hellebuyck with a rebound.
9:20 of 2nd period - Shot by Lars Eller.
9:20 of 2nd period - Shot Misses the Net.
9:22 of 2nd period - Shot by Kris Versteeg.
9:22 of 2nd period - Deflect By Lars Eller.
9:22 of 2nd period - Shot Misses the Net.
9:24 of 2nd period - Shot by Chris Wagner.
9:24 of 2nd period - Stopped by Connor Hellebuyck with a rebound.
9:30 of 2nd period - Shot by Lars Eller.
9:30 of 2nd period - Stopped by Connor Hellebuyck without a rebound.
9:31 of 2nd period - Adrian Kempe wins face-off versus Mikael Backlund in Penguins zone.
9:31 of 2nd period - Ryan Suter is hit by Mikkel Boedker and loses puck.
9:32 of 2nd period - Minor Penalty to Mikael Backlund for Roughing.
9:33 of 2nd period - Nathan MacKinnon wins face-off versus Melker Karlsson in Blues zone.
9:42 of 2nd period - Shot by Mark Giordano.
9:42 of 2nd period - Stopped by Ryan Miller without a rebound.
9:43 of 2nd period - Nathan MacKinnon wins face-off versus Melker Karlsson in Blues zone.
9:44 of 2nd period - Shot by Nikita Kucherov.
9:44 of 2nd period - Shot Blocked by Melker Karlsson.
9:51 of 2nd period - Shot by Ryan Suter.
9:51 of 2nd period - Shot Misses the Net.
9:53 of 2nd period - Shot by Jonathan Huberdeau.
9:53 of 2nd period - Stopped by Ryan Miller without a rebound.
9:54 of 2nd period - Melker Karlsson wins face-off versus Nathan MacKinnon in Blues zone.
10:30 of 2nd period - Shot by Mark Giordano.
10:30 of 2nd period - Shot Misses the Net.
11:00 of 2nd period - Kevan Miller is hit by Nathan MacKinnon and loses puck.
11:49 of 2nd period - Shot by David Perron.
11:49 of 2nd period - Stopped by Ryan Miller with a rebound.
11:51 of 2nd period - Shot by David Perron.
11:51 of 2nd period - Stopped by Ryan Miller without a rebound.
11:51 of 2nd period - Minor Penalty to Joseph Morrow for Holding.
11:52 of 2nd period - Mikael Backlund wins face-off versus Evgeni Malkin in Blues zone.
12:43 of 2nd period - Shot by Nathan MacKinnon.
12:43 of 2nd period - Stopped by Ryan Miller without a rebound.
12:44 of 2nd period - Jean-Gabriel Pageau wins face-off versus Evgeni Malkin in Blues zone.
13:33 of 2nd period - Shot by Mike Fisher.
13:33 of 2nd period - Stopped by Connor Hellebuyck with a rebound.
13:35 of 2nd period - Shot by Mike Fisher.
13:35 of 2nd period - Shot Misses the Net.
13:53 of 2nd period - Shot by Nikita Kucherov.
13:53 of 2nd period - Shot Misses the Net.
14:10 of 2nd period - Shot by Mikkel Boedker.
14:10 of 2nd period - Stopped by Connor Hellebuyck without a rebound.
14:11 of 2nd period - Lars Eller wins face-off versus Tim Schaller in Penguins zone.
15:12 of 2nd period - Shot by David Perron.
15:12 of 2nd period - Shot Misses the Net.
15:25 of 2nd period - Michael Raffl is hit by Olli Maatta and loses puck.
15:50 of 2nd period - Shot by Mikkel Boedker.
15:50 of 2nd period - Stopped by Connor Hellebuyck without a rebound.
15:51 of 2nd period - Mike Fisher wins face-off versus Nathan MacKinnon in Penguins zone.
15:52 of 2nd period - Shot by Johnny Boychuk.
15:52 of 2nd period - Shot Blocked by David Savard.
16:16 of 2nd period - Icing by David Savard.
16:17 of 2nd period - Nathan MacKinnon wins face-off versus Mikael Backlund in Penguins zone.
16:24 of 2nd period - Shot by Nathan MacKinnon.
16:24 of 2nd period - Stopped by Ryan Miller without a rebound.
16:25 of 2nd period - Mikael Backlund wins face-off versus Evgeni Malkin in Blues zone.
16:25 of 2nd period - Mikael Backlund is hit by Phil Kessel.
16:39 of 2nd period - Joseph Morrow is hit by Clayton Keller and loses puck.
17:00 of 2nd period - Shot by Phil Kessel.
17:00 of 2nd period - Stopped by Ryan Miller without a rebound.
17:01 of 2nd period - Lars Eller wins face-off versus Nathan MacKinnon in Blues zone.
17:12 of 2nd period - Shot by Kevan Miller.
17:12 of 2nd period - Shot Misses the Net.
17:53 of 2nd period - Icing by Nikita Kucherov.
17:54 of 2nd period - Nathan MacKinnon wins face-off versus Mikael Backlund in Penguins zone.
18:06 of 2nd period - Icing by Matt Grzelcyk.
18:07 of 2nd period - Mikael Backlund wins face-off versus Evgeni Malkin in Blues zone.
18:26 of 2nd period - Shot by Phil Kessel.
18:26 of 2nd period - Stopped by Ryan Miller without a rebound.
18:27 of 2nd period - Jean-Gabriel Pageau wins face-off versus Adrian Kempe in Blues zone.
18:42 of 2nd period - Shot by Marian Gaborik.
18:42 of 2nd period - Deflect By Michael Raffl.
18:42 of 2nd period - Goal by Michael Raffl - Blues : 2 - Penguins : 0.
18:43 of 2nd period - Bryan Rust wins face-off versus Phil Kessel in neutral zone.
18:43 of 2nd period - Mikael Backlund is hit by Evgeni Malkin and loses puck.
19:02 of 2nd period - Shot by Phil Kessel.
19:02 of 2nd period - Stopped by Ryan Miller without a rebound.
19:03 of 2nd period - Lars Eller wins face-off versus Nathan MacKinnon in Blues zone.
19:03 of 2nd period - Lars Eller is hit by Nathan MacKinnon.
19:06 of 2nd period - Icing by Matt Grzelcyk.
19:07 of 2nd period - Lars Eller wins face-off versus Nathan MacKinnon in Blues zone.
19:21 of 2nd period - Shot by Lars Eller.
19:21 of 2nd period - Shot Misses the Net.
19:23 of 2nd period - Shot by Lars Eller.
19:23 of 2nd period - Shot Misses the Net.
19:29 of 2nd period - Shot by Lars Eller.
19:29 of 2nd period - Shot Misses the Net.
19:31 of 2nd period - Shot by Chris Wagner.
19:31 of 2nd period - Stopped by Connor Hellebuyck without a rebound.
19:32 of 2nd period - Evgeni Malkin wins face-off versus Mikael Backlund in Penguins zone.
Goals for this period are 1 for Blues vs 0 for Penguins.
Shots for this period are 12 for Blues vs 13 for Penguins.

3rd period


0:01 of 3rd period - Nathan MacKinnon wins face-off versus Mikael Backlund in neutral zone.
0:38 of 3rd period - Shot by Mikael Backlund.
0:38 of 3rd period - Shot Misses the Net.
1:17 of 3rd period - Shot by Phil Kessel.
1:17 of 3rd period - Stopped by Ryan Miller with a rebound.
1:59 of 3rd period - Shot by Marian Gaborik.
1:59 of 3rd period - Shot Misses the Net.
2:01 of 3rd period - Shot by Michael Raffl.
2:01 of 3rd period - Shot Hit the Post.
2:03 of 3rd period - Shot by Jean-Gabriel Pageau.
2:03 of 3rd period - Shot Misses the Net.
2:05 of 3rd period - Shot by Jean-Gabriel Pageau.
2:05 of 3rd period - Stopped by Connor Hellebuyck without a rebound.
2:06 of 3rd period - Mike Fisher wins face-off versus Tim Schaller in Penguins zone.
2:17 of 3rd period - Shot by Andreas Martinsen.
2:17 of 3rd period - Stopped by Connor Hellebuyck with a rebound.
2:29 of 3rd period - Shot by Melker Karlsson.
2:29 of 3rd period - Shot Misses the Net.
3:35 of 3rd period - Lars Eller is hit by Tim Schaller and loses puck.
4:00 of 3rd period - Shot by Kris Versteeg.
4:00 of 3rd period - Shot Blocked by David Savard.
4:02 of 3rd period - Shot by Chris Wagner.
4:02 of 3rd period - Stopped by Connor Hellebuyck without a rebound.
4:03 of 3rd period - Jean-Gabriel Pageau wins face-off versus Nathan MacKinnon in Penguins zone.
4:22 of 3rd period - Shot by Nikita Kucherov.
4:22 of 3rd period - Stopped by Ryan Miller without a rebound.
4:23 of 3rd period - Evgeni Malkin wins face-off versus Mike Fisher in Blues zone.
4:30 of 3rd period - Phil Kessel is hit by Melker Karlsson and loses puck.
4:41 of 3rd period - Joseph Morrow is hit by Clayton Keller and loses puck.
4:46 of 3rd period - Shot by Phil Kessel.
4:46 of 3rd period - Shot Blocked by Casey Nelson.
4:48 of 3rd period - Shot by Clayton Keller.
4:48 of 3rd period - Deflect By Phil Kessel.
4:48 of 3rd period - Stopped by Ryan Miller without a rebound.
4:49 of 3rd period - Nathan MacKinnon wins face-off versus Mikael Backlund in Blues zone.
5:17 of 3rd period - Shot by Mikael Backlund.
5:17 of 3rd period - Deflect By Mikkel Boedker.
5:17 of 3rd period - Shot Blocked by Ryan Suter.
5:19 of 3rd period - Shot by Kevan Miller.
5:19 of 3rd period - Stopped by Connor Hellebuyck with a rebound.
5:21 of 3rd period - Shot by Johnny Boychuk.
5:21 of 3rd period - Shot Misses the Net.
5:23 of 3rd period - Shot by Mikael Backlund.
5:23 of 3rd period - Shot Misses the Net.
5:25 of 3rd period - Shot by Kevan Miller.
5:25 of 3rd period - Stopped by Connor Hellebuyck without a rebound.
5:26 of 3rd period - Lars Eller wins face-off versus Evgeni Malkin in Penguins zone.
6:19 of 3rd period - Phil Kessel is hit by Jean-Gabriel Pageau and loses puck.
6:24 of 3rd period - Shot by Jean-Gabriel Pageau.
6:24 of 3rd period - Stopped by Connor Hellebuyck without a rebound.
6:25 of 3rd period - Mikael Backlund wins face-off versus Nathan MacKinnon in Penguins zone.
6:28 of 3rd period - Shot by Bryan Rust.
6:28 of 3rd period - Shot Misses the Net.
6:31 of 3rd period - Icing by Jonathan Huberdeau.
6:32 of 3rd period - Mikael Backlund wins face-off versus Nathan MacKinnon in Penguins zone.
6:32 of 3rd period - Mikael Backlund is hit by Mark Giordano.
6:40 of 3rd period - Shot by Mikkel Boedker.
6:40 of 3rd period - Shot Misses the Net.
6:56 of 3rd period - Icing by Ryan Suter.
6:57 of 3rd period - Lars Eller wins face-off versus Nathan MacKinnon in Penguins zone.
7:27 of 3rd period - Shot by Nathan MacKinnon.
7:27 of 3rd period - Stopped by Ryan Miller without a rebound.
7:28 of 3rd period - Mikael Backlund wins face-off versus Evgeni Malkin in Blues zone.
7:56 of 3rd period - Mikael Backlund is hit by Evgeni Malkin and loses puck.
7:57 of 3rd period - Mikael Backlund from Blues is injured at 7:57 of 3rd period (Right Foot).
7:58 of 3rd period - Jean-Gabriel Pageau wins face-off versus Max Domi in Blues zone.
7:58 of 3rd period - Jean-Gabriel Pageau is hit by Max Domi.
7:59 of 3rd period - Minor Penalty to Adrian Kempe for Roughing.
8:00 of 3rd period - Tim Schaller wins face-off versus Lars Eller in Penguins zone.
8:00 of 3rd period - Tim Schaller is hit by Chris Wagner.
8:24 of 3rd period - Shot by Kris Versteeg.
8:24 of 3rd period - Shot Misses the Net.
8:28 of 3rd period - Shot by Chris Wagner.
8:28 of 3rd period - Stopped by Connor Hellebuyck without a rebound.
8:29 of 3rd period - Tim Schaller wins face-off versus Michael Raffl in Penguins zone.
8:29 of 3rd period - Tim Schaller is hit by Michael Raffl.
10:48 of 3rd period - Icing by Ryan Suter.
10:49 of 3rd period - Jean-Gabriel Pageau wins face-off versus Clayton Keller in Penguins zone.
10:52 of 3rd period - Shot by Jean-Gabriel Pageau.
10:52 of 3rd period - Shot Misses the Net.
10:56 of 3rd period - Shot by Jean-Gabriel Pageau.
10:56 of 3rd period - Stopped by Connor Hellebuyck without a rebound.
10:57 of 3rd period - Michael Raffl wins face-off versus Nathan MacKinnon in Penguins zone.
10:58 of 3rd period - Shot by Mikkel Boedker.
10:58 of 3rd period - Stopped by Connor Hellebuyck without a rebound.
10:59 of 3rd period - Michael Raffl wins face-off versus Nathan MacKinnon in Penguins zone.
11:10 of 3rd period - Shot by Jonathan Huberdeau.
11:10 of 3rd period - Shot Blocked by Kevan Miller.
11:12 of 3rd period - Shot by Nathan MacKinnon.
11:12 of 3rd period - Stopped by Ryan Miller without a rebound.
11:13 of 3rd period - Lars Eller wins face-off versus Evgeni Malkin in Blues zone.
11:26 of 3rd period - Minor Penalty to Chris Wagner for Holding.
11:27 of 3rd period - Nathan MacKinnon wins face-off versus Melker Karlsson in Blues zone.
11:42 of 3rd period - Shot by Ryan Suter.
11:42 of 3rd period - Shot Misses the Net.
11:44 of 3rd period - Shot by Mark Giordano.
11:44 of 3rd period - Shot Misses the Net.
11:46 of 3rd period - Shot by Ryan Suter.
11:46 of 3rd period - Shot Blocked by Kevan Miller.
11:50 of 3rd period - Shot by Jonathan Huberdeau.
11:50 of 3rd period - Stopped by Ryan Miller with a rebound.
11:56 of 3rd period - Shot by Nathan MacKinnon.
11:56 of 3rd period - Deflect By Nikita Kucherov.
11:56 of 3rd period - Stopped by Ryan Miller without a rebound.
11:57 of 3rd period - Evgeni Malkin wins face-off versus Mike Fisher in Blues zone.
12:00 of 3rd period - Shot by Ryan Ellis.
12:00 of 3rd period - Stopped by Ryan Miller without a rebound.
12:01 of 3rd period - Melker Karlsson wins face-off versus Evgeni Malkin in Blues zone.
12:10 of 3rd period - Lars Eller is hit by Evgeni Malkin and loses puck.
12:23 of 3rd period - Shot by Clayton Keller.
12:23 of 3rd period - Stopped by Ryan Miller with a rebound.
13:05 of 3rd period - Shot by Ryan Suter.
13:05 of 3rd period - Stopped by Ryan Miller without a rebound.
13:06 of 3rd period - Mike Fisher wins face-off versus Nathan MacKinnon in Blues zone.
13:21 of 3rd period - Shot by Nikita Kucherov.
13:21 of 3rd period - Stopped by Ryan Miller without a rebound.
13:22 of 3rd period - Nathan MacKinnon wins face-off versus Andreas Martinsen in Blues zone.
14:21 of 3rd period - Jonathan Huberdeau is hit by Andreas Martinsen and loses puck.
14:28 of 3rd period - Shot by Melker Karlsson.
14:28 of 3rd period - Shot Misses the Net.
14:37 of 3rd period - Melker Karlsson is hit by Ryan Suter and loses puck.
14:39 of 3rd period - Minor Penalty to Mark Giordano for Slashing.
14:40 of 3rd period - Lars Eller wins face-off versus Tim Schaller in Penguins zone.
14:53 of 3rd period - Shot by Chris Wagner.
14:53 of 3rd period - Stopped by Connor Hellebuyck without a rebound.
14:54 of 3rd period - Lars Eller wins face-off versus Tim Schaller in Penguins zone.
15:02 of 3rd period - Shot by Lars Eller.
15:02 of 3rd period - Deflect By Kris Versteeg.
15:02 of 3rd period - Shot Misses the Net.
15:16 of 3rd period - Cody Ceci is hit by Chris Wagner and loses puck.
16:19 of 3rd period - Icing by Bryan Rust.
16:20 of 3rd period - Tim Schaller wins face-off versus Michael Raffl in Blues zone.
16:46 of 3rd period - Melker Karlsson is hit by Olli Maatta and loses puck.
17:44 of 3rd period - Kris Versteeg is hit by Evgeni Malkin and loses puck.
17:56 of 3rd period - Lars Eller is hit by Olli Maatta and loses puck.
18:26 of 3rd period - Icing by Matt Grzelcyk.
18:27 of 3rd period - Nathan MacKinnon wins face-off versus Marian Gaborik in Blues zone.
18:47 of 3rd period - Icing by Matt Grzelcyk.
18:48 of 3rd period - Adrian Kempe wins face-off versus Jean-Gabriel Pageau in Blues zone.
19:26 of 3rd period - Shot by Melker Karlsson.
19:26 of 3rd period - Stopped by Connor Hellebuyck with a rebound.
19:38 of 3rd period - Shot by Bryan Rust.
19:38 of 3rd period - Stopped by Connor Hellebuyck without a rebound.
19:39 of 3rd period - Nathan MacKinnon wins face-off versus Lars Eller in Penguins zone.
Goals for this period are 0 for Blues vs 0 for Penguins.
Shots for this period are 12 for Blues vs 11 for Penguins.